 Dungeon Crawl Stone Soup version 0.21.1-1-g345015f (webtiles) character file.

263 sankara the Sneak (level 5, -1/24 HPs)
             Began as a Spriggan Enchanter on Feb 15, 2018.
             Was an Initiate of Gozag.
             Slain by a hobgoblin
             ... wielding a +0 club
             ... led by Robin
              (7 damage)
             ... on level 3 of the Dungeon.
             The game lasted 00:10:58 (3784 turns).

sankara the Sneak (Spriggan Enchanter)              Turns: 3784, Time: 00:10:59

Health: -1/24      AC:  2    Str:  4    XL:     5   Next: 97%
Magic:  1/12       EV: 18    Int: 17    God:    Gozag
Gold:   115        SH:  0    Dex: 17    Spells: 6/12 levels left

rFire    . . .     SeeInvis +   a - +1 dagger
rCold    . . .     Gourm    .   (shield restricted)
rNeg     . . .     Faith    .   b - +0 robe
rPois    .         Spirit   .   (helmet restricted)
rElec    .         Reflect  .   (no cloak)
rCorr    .         Harm     .   (gloves unavailable)
MR       .....                  (boots unavailable)
Stlth    ++++......             (no amulet)
HPRegen  0.08/turn              (no ring)
MPRegen  0.13/turn              (no ring)

@: very slightly contaminated, very quick
A: very small, unfitting armour, see invisible, herbivore, speed 3, slow
metabolism 2
a: Potion Petition, Call Merchant, Bribe Branch, Renounce Religion


You were on level 3 of the Dungeon.
You worshipped Gozag.
Gozag was aware of your devotion.
You were not hungry.

You visited 1 branch of the dungeon, and saw 3 of its levels.

You collected 161 gold pieces.
You paid 46 gold pieces to Gozag.

Inventory:

Hand Weapons
 a - a +1 dagger (weapon)
 h - a +1 short sword of speed
Missiles
 j - 77 stones (quivered)
Armour
 b - a +0 robe (worn)
Wands
 n - a wand of polymorph (13)
Scrolls
 g - 2 scrolls of teleportation {unknown}
 i - a scroll of enchant armour {unknown}
 k - a scroll of remove curse {unknown}
 l - 2 scrolls of identify {unknown}
 o - a scroll of fog {unknown}
 s - a scroll of blinking {unknown}
 t - 2 scrolls of fear {unknown}
 u - a scroll of amnesia {unknown}
 v - a scroll of immolation {unknown}
Potions
 e - 2 potions of haste
 f - a potion of berserk rage {unknown}
 m - 2 potions of lignification {unknown}
 p - a potion of degeneration {unknown}
 q - a potion of might {unknown}
 r - a potion of heal wounds {unknown}
Books
 c - a book of Maledictions

   Spells                             Type                      Level
   a - Corona                         Hexes                        1
   b - Ensorcelled Hibernation        Hexes/Ice                    2
   c - Confuse                        Hexes                        3
   d - Tukima's Dance                 Hexes                        3
   e - Dazzling Spray                 Conjuration/Hexes            3
Comestibles
 d - 5 rations


   Skills:
 - Level 1.1 Short Blades
 - Level 3.0 Dodging
 * Level 7.8 Stealth
 + Level 4.3 Spellcasting
 + Level 5.0 Hexes
 - Level 1.0 Ice Magic


You had 6 spell levels left.
You knew the following spells:

 Your Spells              Type           Power        Failure   Level  Hunger
a - Ensorcelled Hibernat  Hex/Ice        ##....       7%          2    ##.....
b - Confuse               Hex            ###.....     5%          3    ###....
y - Corona                Hex            ###....      1%          1    None


Dungeon Overview and Level Annotations

Branches:
Dungeon (3/15)

Altars:
Cheibriados
Dithmenos
Gozag
Okawaru
Ru

Annotations:
D:3 Robin


Innate Abilities, Weirdness & Mutations

You are very small and have problems with some larger weapons.
You are too small for most types of armour.
You have supernaturally acute eyesight. (SInv)
You are a herbivore.
You cover ground extremely quickly.
You need consume almost no food.


Message History

Aiming: Ensorcelled Hibernation
Press: ? - help, Shift-Dir - straight line, f - hobgoblin
Aim: a hobgoblin, wielding a club (chance to defeat MR: 62%)
The hobgoblin resists with significant effort.
Casting: Ensorcelled Hibernation
Confirm with . or Enter, or press ? or * to list all spells.
Aiming: Ensorcelled Hibernation
Press: ? - help, Shift-Dir - straight line, f/p - hobgoblin
Aim: a hobgoblin, wielding a club (chance to defeat MR: 62%)
The hobgoblin resists with significant effort.
Casting: Ensorcelled Hibernation
Confirm with . or Enter, or press ? or * to list all spells.
Aiming: Ensorcelled Hibernation
Press: ? - help, Shift-Dir - straight line, f/p - hobgoblin
Aim: a hobgoblin, wielding a club (chance to defeat MR: 62%)
You miscast Ensorcelled Hibernation.
You are very lightly contaminated with residual magic.
Nothing appears to happen.
The hobgoblin hits you with a club!
You die...
Your body crumbles into a pile of gold.

..#..............#..#...#
###...........#..##.>...#
............###...>.....#
#..≈##########...####..)#######
#)≈........≈≈#.#.# #††.......#
#..≈.≈.≈.≈._≈#.#.# #.........#
##≈........≈≈#.#.# #.........#
#.≈##########.#.# #.........#
#... ....#..#@## ####......#
###########....g.#### #......#
####...#...#####.....###......#
#.#.........####.###..##......#
#..........._##..# ##........<#
#.#.........##..## ###.......#
..##...#...##..## #.......#
...#########..## ##......#
...#######...## #......#


You could see a hobgoblin.

Vanquished Creatures
  Terence (D:2)
  Jessica (D:2)
  Natasha (twice) (D:2)
  7 adders
  2 oozes
  2 dart slugs (D:1)
  2 leopard geckos (D:2)
  8 orcs (D:3)
  5 bats
  3 giant cockroaches (D:1)
  13 goblins
  9 hobgoblins
  10 jackals
  A quokka (D:3)
  4 kobolds
  2 rats (D:1)
72 creatures vanquished.

Notes
Turn   | Place    | Note
-------+----------+-------------------------------------------
     0 | D:1      | sankara the Spriggan Enchanter began the quest for the Orb.
     0 | D:1      | Reached XP level 1. HP: 9/9 MP: 5/5
   693 | D:1      | Reached skill level 5 in Stealth
   693 | D:1      | Reached XP level 2. HP: 13/13 MP: 6/6
   699 | D:1      | Learned a level 2 spell: Ensorcelled Hibernation
  1493 | D:1      | Reached XP level 3. HP: 16/16 MP: 3/8
  1523 | D:1      | Learned a level 3 spell: Confuse
  1970 | D:2      | Reached skill level 6 in Stealth
  1970 | D:2      | Reached XP level 4. HP: 21/21 MP: 5/10
  2028 | D:2      | Found a shadowy altar of Dithmenos.
  2031 | D:2      | Noticed Terence
  2053 | D:2      | Reached skill level 1 in Ice Magic
  2146 | D:2      | Killed Terence
  2267 | D:2      | Noticed Natasha
  2278 | D:2      | Killed Natasha
  2386 | D:2      | Noticed Jessica
  2391 | D:2      | Killed Jessica
  2391 | D:2      | Reached skill level 7 in Stealth
  2391 | D:2      | Reached XP level 5. HP: 24/24 MP: 11/11
  2518 | D:2      | Noticed Natasha
  2523 | D:2      | Killed Natasha
  3228 | D:3      | Found a sacrificial altar of Ru.
  3275 | D:3      | Reached skill level 5 in Hexes
  3419 | D:3      | Found a snail-covered altar of Cheibriados.
  3649 | D:3      | Found an opulent altar of Gozag.
  3657 | D:3      | Became a worshipper of Gozag Ym Sagoz the Greedy
  3676 | D:3      | Found an iron altar of Okawaru.
  3707 | D:3      | Noticed Robin
  3784 | D:3      | Slain by a hobgoblin

Skill      XL: |  1  2  3  4  5 |
---------------+----------------+-----
Stealth        | 5 6 7 |  7.8
Spellcasting   | 3 4 |  4.3
Hexes          | 4 5 |  5.0
Ice Magic      | 1 |  1.0
Short Blades   | |  1.1
Dodging        | |  3.0

Action                   |  1- 3 |  4- 6 || total
-------------------------+-------+-------++-------
Melee: Dagger            |    78 |    78 ||   156
 Cast: Corona            |     7 |       ||     7
       Ensorcelled Hiber |    21 |    48 ||    69
       Confuse           |     1 |     1 ||     2
 Stab: Sleeping          |    20 |    32 ||    52
       Confused          |     1 |     1 ||     2
  Eat: Ration            |       |     2 ||     2
Armor: Robe              |     5 |    10 ||    15
Dodge: Dodged            |    64 |    69 ||   133
